 Dungeon Crawl Stone Soup version 0.27.1-3-gb3d3a73c9e (webtiles) character file.

Game seed: 14425147077248941886

212 horus123 the Skirmisher (level 5, -2/48 HPs)
             Began as a Hill Orc Fighter on Oct 26, 2021.
             Killed by nerve-wracking pain
             ... invoked by an orc priest
              (13 damage)
             ... on level 4 of the Dungeon.
             The game lasted 00:07:16 (3822 turns).

horus123 the Skirmisher (Hill Orc Fighter)          Turns: 3822, Time: 00:07:17

Health: -2/48      AC:  9    Str: 20    XL:     5   Next: 90%
Magic:  5/5        EV:  7    Int:  8    God:
Gold:   1197       SH: 10    Dex: 10    Spells: 4/4 levels left

rFire    . . .     SeeInvis .   a - +0 war axe
rCold    . . .     Faith    .   c - +1 kite shield
rNeg     . . .     Spirit   .   b - +0 scale mail
rPois    .         Reflect  .   g - +0 helmet
rElec    .         Harm     .   (no cloak)
rCorr    .         Rampage  .   e - +0 pair of gloves
Will     .....                  (no boots)
Stlth    ..........             i - amulet of the acrobat
HPRegen  0.16/turn              (no ring)
MPRegen  0.09/turn              (no ring)

@: no status effects
A: no striking features
a: Convert to Beogh


You were on level 4 of the Dungeon.
You visited 1 branch of the dungeon, and saw 4 of its levels.

You collected 1197 gold pieces.

Inventory:

Hand Weapons
 a - a +0 war axe (weapon)
Armour
 b - a +0 scale mail (worn)
 c - a +1 kite shield (worn)
 e - a +0 pair of gloves (worn)
 g - a +0 helmet (worn)
Jewellery
 i - an amulet of the acrobat (around neck)
Scrolls
 f - 2 scrolls of identify
 k - 2 scrolls of amnesia
Potions
 h - a potion of flight
 j - a potion of invisibility {unknown}


   Skills:
 * Level 5.1 Fighting
 + Level 4.7 Axes
 + Level 4.1 Armour
 + Level 0.8 Dodging
 + Level 4.2 Shields


You had 4 spell levels left.
You didn't know any spells.
Your spell library contained the following spells:

 Spells                   Type           Power      Damage    Failure   Level
 Beastly Appendage        Tmut           0%         N/A       99%         1
 Pain                     Necr           0%         1d4       99%         1
 Corpse Rot               Necr/Air       N/A        N/A       100%        2
 Sublimation of Blood     Necr           0%         N/A       100%        2
 Wereblood                Tmut           0%         N/A       100%        2
 Spider Form              Tmut/Pois      0%         N/A       100%        3
 Vampiric Draining        Necr           0%         2d6       100%        3


Dungeon Overview and Level Annotations

Branches:
Dungeon (4/15)
 Temple: D:4-7

Altars:
Kikubaaqudgha
Xom


Message History

Things that are here:
a +0 dagger; a kobold corpse 2 orcs and an orc wizard come into view.
The orc shouts!
The orc wizard shouts!
An orc priest comes into view. It is wielding a +0 club.
The orc priest shouts, "Join the one true god or die!" (press Y on the ability menu to convert to Beogh)
The orc priest shouts!
You hit the orc.
The orc is lightly wounded.
The orc hits you with a +0 dagger.
You barely miss the orc.
The orc is lightly wounded.
The orc priest invokes the aid of Beogh against you.
Beogh smites you! You block the orc's attack.
The orc priest invokes the aid of Beogh against you.
Beogh smites you! The orc barely misses you.
You are too injured to fight recklessly!
Unknown command.
You hit the orc wizard but do no damage.
You barely miss the orc. You hit the orc.
The orc priest casts a cantrip, but nothing happens.
The orc wizard hits you but does no damage.
You barely miss the orc wizard. You slash the orc!
You kill the orc!
You slash the orc!
The orc wizard hits you with a +0 dagger.
The orc hits you with a +0 club.
You completely miss the orc wizard. You hit the orc.
You kill the orc!
You block the orc wizard's attack.
The orc wizard points at you and mumbles some strange words.
The magic dart hits you.
* * * LOW HITPOINT WARNING * * *
You hit the orc priest.
The orc priest is moderately wounded.
You barely miss the orc wizard.
The orc priest calls down the wrath of Beogh upon you.
Pain shoots through your body!
You die...

#####.# #.....#
#.....# #.....#
#.....##########
#.......)o......
#....##.@o....#
#....##.#####.#
####.......#..<#
...........##.##
#####..........#
#...).###..#
#....)..#..#
#.....#.#..#
#.....#.####


You could see an orc priest and an orc wizard.

Vanquished Creatures
  A bullfrog zombie (D:3)
  A centaur zombie (D:3)
  An orc wizard (D:3)
  Robin (D:3)
  An adder (D:2)
  4 gnolls (D:2)
  A steam dragon zombie (D:3)
  A worm (D:3)
  3 dart slugs
  11 orcs
  2 ball pythons (D:1)
  7 endoplasms
  7 giant cockroaches
  8 hobgoblins
  6 jackals
  4 quokkas
  6 bats
  2 frilled lizards
  20 goblins
  9 kobolds
  6 rats
102 creatures vanquished.

Vanquished Creatures (others)
  A plant (D:3)
1 creature vanquished.

Grand Total: 103 creatures vanquished

Notes
Turn   | Place    | Note
-------+----------+-------------------------------------------
     0 | D:1      | horus123 the Hill Orc Fighter began the quest for the Orb.
     0 | D:1      | Reached XP level 1. HP: 19/19 MP: 1/1
   182 | D:1      | Found a shimmering altar of Xom.
   185 | D:1      | Reached XP level 2. HP: 27/27 MP: 2/2
   191 | D:1      | Reached skill level 4 in Fighting
   979 | D:1      | Reached XP level 3. HP: 30/33 MP: 3/3
  1613 | D:2      | Identified a scroll of acquirement
  1613 | D:2      | Acquired 1137 gold pieces
  1713 | D:2      | Reached XP level 4. HP: 37/41 MP: 4/4
  2407 | D:2      | Found an ancient bone altar of Kikubaaqudgha.
  2662 | D:2      | Found a faded altar of an unknown god.
  2665 | D:2      | Reached XP level 5. HP: 47/47 MP: 5/5
  2685 | D:2      | Became a worshipper of Kikubaaqudgha
  2685 | D:2      | Reached * piety under Kikubaaqudgha
  2685 | D:2      | Received a gift from Kikubaaqudgha
  2686 | D:2      | Fell from the grace of Kikubaaqudgha
  2764 | D:3      | Noticed Robin
  2782 | D:3      | Killed Robin
  3040 | D:3      | Reached skill level 5 in Fighting
  3822 | D:4      | Killed from afar by an orc priest

Illustrated notes

Levels and vault maps discovered:
D:1:      dpeg_arrival_three_smaller_balls, layout_basic, minmay_hexomino_r4
D:2:      layout_loops_ring, shapermc_ecumenical_altar_mp_highgroup, basic_altar
D:3:      layout_basic, serial_bayou_lagoon_b, uniq_robin
D:4:      layout_basic

Skill      XL: |  1  2  3  4  5 |
---------------+----------------+-----
Fighting       | 4 5 |  5.1
Axes           | 3 4 |  4.7
Shields        | 4 |  4.2
Armour         | 4 |  4.1
Dodging        | |  0.8

Action                   |  1- 3 |  4- 6 || total
-------------------------+-------+-------++-------
Melee: War axe           |   137 |   160 ||   297
Invok: Renounce Religion |       |     1 ||     1
  Use: Scroll            |     2 |     5 ||     7
       Potion            |       |     2 ||     2
 Stab: Distracted        |       |     1 ||     1
Armor: Scale mail        |    70 |    91 ||   161
Dodge: Dodged            |    47 |    54 ||   101
Block: Kite shield       |    77 |   101 ||   178
